 Dungeon Crawl Stone Soup version 0.31.0-1-g2c135a008e (webtiles) character file.

Game seed: 9127019105611637751

30 qw the Shooter (level 3, -3/28 HPs)
             Began as a Djinni Hunter on Jan 23, 2024.
             Slain by a gnoll
             ... wielding a +0 spear
              (5 damage)
             ... on level 2 of the Dungeon.
             The game lasted 00:00:03 (471 turns).

qw the Shooter (Djinni Hunter)                       Turns: 471, Time: 00:00:03

Health: -3/28      AC:  4    Str: 10    XL:     3   Next: 35%
Gold:   30         EV: 12    Int: 10    God:
                   SH:  0    Dex: 18

rFire   + + .        a - +0 shortbow
rCold   x . .        (shield currently unavailable)
rNeg    . . .        c - +0 leather armour
rPois   inf          (no helmet)
rElec   .            (no cloak)
rCorr   +            i - +0 pair of gloves
SInv    .            (boots unavailable)
Will    .....        (no amulet)
Stlth   ++           h - ring of resist corrosion
HPRegen 0.24/turn    (no ring)
MPRegen 0.00/turn

%: infuse magic (-4 HP)
@: flying
A: sickness immunity, fire resistance 2, cold vulnerability 1, float, innate
caster, HP casting, extra vitality 1
a: no special abilities


You were on level 2 of the Dungeon.
You visited 1 branch of the dungeon, and saw 2 of its levels.

You collected 30 gold pieces.


Innate Abilities, Weirdness & Mutations

You are immune to sickness and miasma.
You are immune to poison.
Your flesh is very heat resistant. (rF++)
You are vulnerable to cold. (rC-)
You float through the air rather than walking.
You learn spells naturally, not from books.
Your magical power is your life essence.
You have superior vitality. (+4 MHP)


   Skills:
 + Level 2.1 Fighting
 - Level 4.1 Ranged Weapons
 - Level 2.1 Dodging
 - Level 0.7 Stealth


You knew the following spells:

 Your Spells              Type           Power      Damage    Failure   Level
a - Shock                 Conj/Air       0%         1d3       45%         1
Your spell library was empty.

Inventory:

Hand Weapons
 a - a +0 shortbow (weapon)
Armour
 c - a +0 leather armour (worn)
 i - a +0 pair of gloves (worn)
Jewellery
 h - a ring of resist corrosion (left hand)
Potions
 b - a potion of berserk rage {unknown}
 d - a potion of heal wounds {unknown}
 e - a potion of resistance
 f - a potion of curing
 g - a potion of lignification {unknown}

Dungeon Overview and Level Annotations

Branches:
Dungeon (2/15)

Altars:


Message History

The gnoll is moderately wounded.
The quokka bites you but does no damage.
The gnoll hits you with a +0 flail!
457 ||| RETREEEEATING.
A goblin comes into view. It is wielding a +0 club.
The goblin shouts!
You hear a shout!
You hear an angry hiss.
458 ||| RETREEEEATING.
You shoot an arrow. The arrow hits the quokka.
The quokka is heavily wounded.
The quokka bites you.
The quokka bites you but does no damage.
460 ||| RETREEEEATING.
461 ||| RETREEEEATING.
A hobgoblin comes into view.
462 ||| RETREEEEATING.
The quokka barely misses you.
463 ||| RETREEEEATING.
The hobgoblin shouts!
You shoot an arrow. The arrow hits the quokka.
The quokka is almost dead.
The quokka bites you.
465 ||| RETREEEEATING.
The gnoll hits you with a +0 flail! The quokka closely misses you.
You see here 3 stones.
466 ||| RETREEEEATING.
The gnoll hits you with a +0 flail!
467 ||| RETREEEEATING.
468 ||| RETREEEEATING.
You shoot an arrow. The arrow completely misses the gnoll.
The arrow hits the quokka.
You kill the quokka!
The gnoll closely misses you. The gnoll misses you.
You shoot an arrow. The arrow barely misses the gnoll.
The arrow hits the goblin!
You kill the goblin!
The gnoll barely misses you. x2
You shoot an arrow. The arrow hits the gnoll!
The gnoll is almost dead.
The gnoll hits you from afar with a +0 spear.
You die...

###...#....# .#.[....#..#
#.#...#....# #.#.....#.##
#.##..#...# #########
#.###...#.#
........######.####.##.######
......%.........##g(..........
#######<##.###..@gg.##.#######
#.#.## ##.##...#.# #.#.
......#...# #.#. #.##.#....###
#.## # #......## #.. ..##....
... ## ###### ###


You could see 2 gnolls and a hobgoblin.

Vanquished Creatures
  An adder (D:2)
  A dart slug (D:1)
  A bat (D:2)
  4 endoplasms (D:1)
  2 goblins
  2 hobgoblins (D:1)
  A quokka (D:2)
  2 ball pythons (D:1)
  A frilled lizard (D:1)
  A kobold (D:1)
16 creatures vanquished.

Notes
Turn   | Place    | Note
-------+----------+-------------------------------------------
     0 | D:1      | qw the Djinni Hunter began the quest for the Orb.
     0 | D:1      | Reached XP level 1. HP: 18/18 MP: 0/0
     0 | D:1      | 0 ||| qw: Version: 0.3-a-136-gdd3b4e8
     0 | D:1      | 0 ||| qw: Game counter: 1093
     0 | D:1      | 0 ||| qw: Melee chars always use a shield: true
     0 | D:1      | 0 ||| qw: God list: Okawaru
     0 | D:1      | 0 ||| qw: Allow faded altars: false
     0 | D:1      | 0 ||| qw: Do Orc after clearing Dungeon:15 true
     0 | D:1      | 0 ||| qw: Do second Lair branch before Depths: true
     0 | D:1      | 0 ||| qw: Lair rune preference: random
     0 | D:1      | 0 ||| qw: Goals: Normal
     0 | D:1      | 0 ||| PLANNING D:1-11
   123 | D:1      | Reached XP level 2. HP: 23/23 MP: 0/0
   381 | D:1      | 381 ||| UPGRADING to +0 pair of gloves.
   386 | D:1      | 386 ||| UPGRADING to ring of resist corrosion.
   387 | D:1      | 387 ||| DRINKING 2 lumpy white potions.
   388 | D:1      | 388 ||| DRINKING 2 lumpy black potions.
   389 | D:1      | 389 ||| DROPPING scroll of butterflies.
   426 | D:2      | Reached skill level 4 in Ranged Weapons
   426 | D:2      | Reached XP level 3. HP: 28/28 MP: 0/0
   426 | D:2      | Learned a level 1 spell: Shock
   454 | D:2      | 454 ||| RETREEEEATING.
   457 | D:2      | 457 ||| RETREEEEATING.
   458 | D:2      | 458 ||| RETREEEEATING.
   460 | D:2      | 460 ||| RETREEEEATING.
   461 | D:2      | 461 ||| RETREEEEATING.
   462 | D:2      | 462 ||| RETREEEEATING.
   463 | D:2      | 463 ||| RETREEEEATING.
   465 | D:2      | 465 ||| RETREEEEATING.
   466 | D:2      | 466 ||| RETREEEEATING.
   466 | D:2      | HP: 1/28 [gnoll/+0 flail (10)]
   467 | D:2      | 467 ||| RETREEEEATING.
   468 | D:2      | 468 ||| RETREEEEATING.
   471 | D:2      | Slain by a gnoll

Levels and vault maps discovered:
D:1:      dpeg_arrival_rooms_a, layout_rooms
D:2:      layout_loops_ring, minmay_misc_feat_pillars, corexii_corridor_pit

Skill      XL: |  1  2 |
---------------+-------+-----
Ranged Weapons | 4 |  4.1
Fighting       | |  2.1
Dodging        | |  2.1
Stealth        | |  0.7

Action                     || total
---------------------------++-------
   Fire: Shortbow          ||    37
    Use: Potion            ||     2
 Armour: Leather armour    ||     9
  Dodge: Dodged            ||     6

Table legend:
 A = Non-vault XP
 B = Vault XP
 C = Vault XP percentage of total XP
 D = Non-vault monster count
 E = Vault monster count
 F = Vault count percentage of total count
                 A         B        C        D         E       F
            +---------+---------+-------+---------+---------+-------
      Total |      43 |       0 |   0.0 |      16 |       0 |   0.0
            +---------+---------+-------+---------+---------+-------
        D:1 |      23 |       0 |   0.0 |      12 |       0 |   0.0
        D:2 |      20 |       0 |   0.0 |       4 |       0 |   0.0
            +---------+---------+-------+---------+---------+-------
